 Dungeon Crawl Stone Soup version 0.30-a0-23-ge60ba3568b (webtiles) character file.

Game seed: 14497226309287653163

141 siradein the Trooper (level 5, 0/48 HPs)
             Began as a Hill Orc Fighter on Aug 25, 2022.
             Slain by Grinder (2 damage)
             ... while paralysed by Grinder
             ... on level 3 of the Dungeon.
             The game lasted 00:05:19 (1907 turns).

siradein the Trooper (Hill Orc Fighter)             Turns: 1907, Time: 00:05:20

Health: 0/48       AC:  8    Str: 21    XL:     5   Next: 24%
Magic:  5/5        EV:  2    Int:  8    God:
Gold:   61         SH:  0    Dex: 10    Spells: 4/4 levels left

rFire   + . .      SeeInvis .    a - +0 war axe
rCold   . . .      Faith    .    c - +0 buckler
rNeg    . . .      Spirit   .    b - +0 scale mail
rPois   .          Reflect  .    q - +0 helmet
rElec   .          Harm     .    (no cloak)
rCorr   .          Rampage  .    (no gloves)
Will    .....                    (no boots)
Stlth   ..........               o - amulet of magic regeneration
HPRegen 0.16/turn                n - ring of protection from fire
MPRegen 0.49/turn                (no ring)

@: paralysed, mighty
A: no striking features
a: no special abilities


You were on level 3 of the Dungeon.
You visited 1 branch of the dungeon, and saw 3 of its levels.

You collected 61 gold pieces.

Inventory:

Hand Weapons
 a - a +0 war axe (weapon)
Missiles
 k - 3 boomerangs
 l - 12 stones (quivered)
Armour
 b - a +0 scale mail (worn)
 c - a +0 buckler (worn)
 q - a +0 helmet (worn)
Jewellery
 n - a ring of protection from fire (left hand)
 o - an amulet of magic regeneration (around neck)
Wands
 p - a wand of flame (12)
Scrolls
 f - a scroll of fear {unknown}
 h - a scroll of noise {unknown}
 j - 2 scrolls of amnesia {unknown}
 s - a scroll of enchant armour {unknown}
 t - a scroll of acquirement {unknown}
Potions
 e - a potion of brilliance {unknown}
 g - a potion of cancellation {unknown}
 i - a potion of experience {unknown}
 m - a potion of resistance {unknown}
 r - a potion of flight {unknown}


   Skills:
 + Level 5.3 Fighting
 + Level 4.8 Axes
 - Level 3.2 Armour
 - Level 4.0 Shields


You had 4 spell levels left.
You didn't know any spells.
Your spell library contained the following spells:

 Spells                   Type           Power      Damage    Failure   Level
 Apportation              Tloc           0%         N/A       83%         1
 Beastly Appendage        Tmut           0%         N/A       83%         1
 Necrotise                Necr           0%         1d4       83%         1
 Summon Small Mammal      Summ           0%         N/A       83%         1
 Wereblood                Tmut           0%         N/A       93%         2
 Spider Form              Tmut/Pois      0%         N/A       99%         3


Dungeon Overview and Level Annotations

Branches:
Dungeon (3/15)

Altars:

Shops:
D:2 ((:*(

Annotations:
D:3 Grinder


Message History

* * * LOW HITPOINT WARNING * * *
You can move again.
Unknown command.
You hit Grinder.
Grinder is moderately wounded.
Grinder blinks!
The frilled lizard bites you but does no damage.
Grinder says, "Mostly I couldn't keep them alive."
Grinder gestures at you.
You shrug off the repeated paralysis!
You closely miss the frilled lizard. You block the frilled lizard's attack.
You closely miss Grinder.
Grinder is moderately wounded.
You closely miss the frilled lizard. You block the frilled lizard's attack.
Grinder barely misses you.
You slash Grinder!
Grinder is severely wounded.
You miss the frilled lizard. The frilled lizard barely misses you.
Grinder hits you but does no damage.
You closely miss Grinder.
Grinder is severely wounded.
You completely miss the frilled lizard.
The frilled lizard bites you but does no damage.
Grinder hits you.
* * * LOW HITPOINT WARNING * * *
You writhe in agony.
* * * LOW HITPOINT WARNING * * *
Grinder hits you!
* * * LOW HITPOINT WARNING * * *
The frilled lizard closely misses you.
You closely miss Grinder.
Grinder is severely wounded.
You hit the frilled lizard.
You kill the frilled lizard!
Grinder gestures at you.
You suddenly lose the ability to move!
Grinder completely misses you. Grinder hits you but does no damage.
Grinder hits you.
You die...

.. .. . ..
#.#. .#.
.. # #.
...
#.####..(#
#.@5.....#
######.#.#


You could see Grinder.

Vanquished Creatures
  Jessica (D:2)
  Robin (D:2)
  3 adders (D:2)
  A gnoll (D:1)
  A worm (D:2)
  A dart slug (D:1)
  3 orcs (D:2)
  2 endoplasms
  2 giant cockroaches
  12 goblins
  8 hobgoblins
  5 kobolds
  2 quokkas
  3 ball pythons (D:2)
  5 bats
  3 frilled lizards
  5 rats
  A spectral kobold (D:1)
59 creatures vanquished.

Notes
Turn   | Place    | Note
-------+----------+-------------------------------------------
     0 | D:1      | siradein the Hill Orc Fighter began the quest for the Orb.
     0 | D:1      | Reached XP level 1. HP: 19/19 MP: 1/1
   103 | D:1      | Reached XP level 2. HP: 23/27 MP: 2/2
   218 | D:1      | Reached skill level 4 in Fighting
   444 | D:1      | Found a faded altar of an unknown god.
   532 | D:1      | Reached XP level 3. HP: 10/33 MP: 3/3
  1050 | D:2      | Noticed Robin
  1087 | D:2      | Reached XP level 4. HP: 34/41 MP: 4/4
  1353 | D:2      | Found Loxat's General Store.
  1384 | D:2      | Found Kosux's Weapon Shoppe.
  1430 | D:2      | Noticed Jessica
  1431 | D:2      | Found Cexev's Book Boutique.
  1437 | D:2      | Killed Jessica
  1438 | D:2      | Reached skill level 5 in Fighting
  1438 | D:2      | Reached XP level 5. HP: 46/48 MP: 5/5
  1525 | D:2      | Found Bytoh's Antique Weapon Shop.
  1543 | D:2      | Killed Robin
  1611 | D:2      | Found Oprub's Antique Weapon Shop.
  1886 | D:3      | Noticed Grinder
  1893 | D:3      | Paralysed by Grinder for 5 turns
  1903 | D:3      | HP: 1/48 [Grinder (7)]
  1904 | D:3      | Paralysed by Grinder for 5 turns
  1907 | D:3      | Slain by Grinder

Illustrated notes

Levels and vault maps discovered:
D:1:      lemuel_arrival_cross, layout_rooms,
          dreamdust_ecumenical_altar_drowned_temple
D:2:      layout_rooms, serial_shops, nicolae_lakefront_shop,
          nicolae_shop_stone, shop, nicolae_shop_competitors_out_of_business,
          nicolae_shop_hallway_plus, nicolae_hexahallways, uniq_robin,
          uniq_jessica
D:3:      layout_loops_ring, portal_sewer_entry_d, uniq_grinder

Skill      XL: |  1  2  3  4 |
---------------+-------------+-----
Axes           | 3 4 |  4.8
Fighting       | 4 5 |  5.3
Shields        | 4 |  4.0
Armour         | |  3.2

Action                   |  1- 3 |  4- 6 || total
-------------------------+-------+-------++-------
Melee: War axe           |    84 |    67 ||   151
  Use: Potion            |       |     1 ||     1
Armor: Scale mail        |    41 |    42 ||    83
Dodge: Dodged            |    44 |    38 ||    82
Block: Buckler           |    29 |    14 ||    43

Table legend: (Time is in decaauts)
 A = Elapsed time spent in this place.
 B = Non-inter-level travel time spent in this place.
 C = Inter-level travel time spent in this place.
 D = Time resting spent in this place.
 E = Time spent auto-exploring this place.
 F = Levels seen in this place.
 G = Mean time per level.
                   A        B        C        D        E       F      G
               +--------+--------+--------+--------+--------+-----+--------+
         Total |   1965 |   1941 |     24 |      0 |   1508 |   3 |  655.0 |
       Dungeon |   1965 |   1941 |     24 |      0 |   1508 |   3 |  655.0 |
               +--------+--------+--------+--------+--------+-----+--------+

Top non-repeatable levels by time:
     D:2: 1087 daAuts
     D:1: 853 daAuts
     D:3: 24 daAuts
